 Dungeon Crawl Stone Soup version 0.18-a0-1300-g6e8322c (webtiles) character file.

1729 Oddball22 the Magician (level 8, 0/61 HPs)
             Began as a Black Draconian Transmuter on Feb 12, 2016.
             Succumbed to a water moccasin's poison
             ... on level 6 of the Dungeon.
             The game lasted 00:19:46 (6050 turns).

Oddball22 the Magician (Black Draconian Transmuter) Turns: 6050, Time: 00:19:46

Health: 0/61       AC:  7    Str: 12    XL:     8   Next: 76%
Magic:  17/17      EV: 13    Int: 13    God:
Gold:   238        SH:  0    Dex: 15    Spells: 5 memorised, 4 levels left

rFire  . . .     SeeInvis .       - Unarmed
rCold  . . .     Gourm    .     (armour unavailable)
rNeg   . . .     Faith    .     (no shield)
rPois  .         Spirit   .     (helmet restricted)
rElec  +         Dismiss  .     n - +0 cloak
rCorr  .         Reflect  .     (no gloves)
SustAt .         Harm     .     (no boots)
MR     .....                    q - amulet of rage
Stlth  +.........               (no ring)
                                h - ring of flight

@: lethally poisoned (0 -> -2), appendage, not resistant to hostile
enchantments, very unstealthy
A: breathe lightning, unfitting armour, horns 2, electricity resistance,
cold-blooded, AC +6
a: Breathe Lightning, End Transformation, Evoke Berserk Rage, Evoke Flight


You were on level 6 of the Dungeon.
You were very hungry.
You had grown temporary horns.
You visited 1 branch of the dungeon, and saw 6 of its levels.

You collected 238 gold pieces.

Inventory:

Hand Weapons
 e - a +2 dagger of venom
 x - a +2 short sword of speed
Missiles
 a - 32 arrows
Armour
 n - a +0 cloak (worn)
Jewellery
 h - a ring of flight (left hand)
 q - an amulet of rage (around neck)
 s - an uncursed amulet of dismissal
 w - a +2 ring of evasion {unknown}
Wands
 y - a wand of confusion (15/48)
Scrolls
 d - 6 scrolls of teleportation {unknown}
 f - 3 scrolls of immolation {unknown}
 i - 4 scrolls of identify {unknown}
 j - a scroll of blinking {unknown}
 k - a scroll of random uselessness {unknown}
 o - a scroll of enchant armour {unknown}
 p - a scroll of amnesia {unknown}
 u - a scroll of enchant weapon {unknown}
 A - 2 scrolls of remove curse {unknown}
Potions
 r - a potion of haste
Books
 b - a book of Changes

   Spells                             Type                      Level
   a - Beastly Appendage              Transmutation                1
   b - Sticks to Snakes               Transmutation                2
   c - Spider Form                    Transmutation/Poison         3
   d - Ice Form                       Ice/Transmutation            4
   e - Blade Hands                    Transmutation                5
 m - a book of Ice

   Spells                             Type                      Level
   a - Ice Form                       Ice/Transmutation            4
   b - Metabolic Englaciation         Hexes/Ice                    5
   c - Ozocubu's Refrigeration        Ice                          6
   d - Bolt of Cold                   Conjuration/Ice              6
   e - Freezing Cloud                 Conjuration/Ice/Air          6
   f - Simulacrum                     Ice/Necromancy               6
 z - a book of the Earth

   Spells                             Type                      Level
   a - Leda's Liquefaction            Hexes/Earth                  4
   b - Bolt of Magma                  Conjuration/Fire/Earth       5
   c - Statue Form                    Transmutation/Earth          6
   d - Iron Shot                      Conjuration/Earth            6
   e - Shatter                        Earth                        9
Comestibles
 c - 3 bread rations
 g - 5 meat rations
 l - 9 fruits
 t - a beef jerky


   Skills:
 - Level 1.9 Fighting
 - Level 3.3 Dodging
 - Level 5.1 Unarmed Combat
 + Level 6.3 Spellcasting
 * Level 5.5 Transmutations
 + Level 1.4 Ice Magic
 + Level 4.5 Poison Magic


You had 4 spell levels left.
You knew the following spells:

 Your Spells              Type           Power        Failure   Level  Hunger
a - Beastly Appendage     Trmt           ###...       1%          1    None
b - Sticks to Snakes      Trmt           ###.....     2%          2    #......
c - Spider Form           Trmt/Pois      ###.......   8%          3    ###....
d - Ice Form              Ice/Trmt       ##......     38%         4    ####...
e - Blade Hands           Trmt           ###.......   50%         5    ######.


Dungeon Overview and Level Annotations

Branches:
Dungeon (6/15)
 Temple: D:4-7

Altars:
Cheibriados
Okawaru
Ru
Trog
Zin


Innate Abilities, Weirdness & Mutations

You can breathe wild blasts of lightning.
Your glossy black scales are hard (AC +6).
Your body does not fit into most forms of armour.
You are resistant to electric shocks.
You are cold-blooded and may be slowed by cold attacks.
You have a pair of horns on your head.


Message History

The water moccasin is almost dead.
You feel sick.
The water moccasin bites you but does no damage.
You miss the water moccasin.
The water moccasin is almost dead.
The water moccasin bites you.
* * * LOW HITPOINT WARNING * * *
The water moccasin bites you.
* * * LOW HITPOINT WARNING * * *
You miss the water moccasin. You headbutt the water moccasin.
You kill the water moccasin!
There is a lethal amount of poison in your body!
Drink which item? (? for menu, Esc to quit)
It was a potion of cure mutation.
It has a very clean taste.
* * * LOW HITPOINT WARNING * * *
You feel sick.
There is a lethal amount of poison in your body!
* * * LOW HITPOINT WARNING * * *
You feel sick.
You die...

#.#.# #.#.###
######.#.... ###
#........### ##
..###.####.#.# #.
#.##.####.#.# #.
#.......#.#.#
#.###.##.##.#.#.#
#@..###.##.....#
##.## #.#......#
#.# #...>....#
#.# ###.##......
#.# #.##..####
..# #.##..# ###
#.....# ### ..#


There were no monsters in sight!

Vanquished Creatures
  The ghost of Starbucks the Shield-Bearer, an amateur FoFi (D:3)
  Grinder (D:4)
  A water moccasin (D:6)
  An ice beast (D:5)
  A sky beast (D:5)
  4 phantoms
  2 ogres (D:4)
  A giant frog skeleton (D:5)
  A hound (D:5)
  5 orc priests
  2 orc wizards
  An iguana (D:3)
  7 gnolls (D:5)
  5 adders
  A shadow imp (D:5)
  An adder skeleton (D:5)
  3 worms (D:3)
  3 giant geckos
  15 orcs
  3 ball pythons
  4 giant cockroaches
  10 goblins
  5 hobgoblins
  7 jackals
  8 quokkas
  10 bats
  2 giant newts
  A jackal zombie (D:5)
  7 kobolds
  10 rats
123 creatures vanquished.

Notes
Turn   | Place    | Note
--------------------------------------------------------------
     0 | D:1      | Oddball22 the Draconian Transmuter began the quest for the Orb.
     0 | D:1      | Reached XP level 1. HP: 16/16 MP: 3/3
   353 | D:1      | Reached XP level 2. HP: 21/24 MP: 5/5
   959 | D:1      | Reached XP level 3. HP: 29/29 MP: 6/6
  1787 | D:2      | HP: 1/29 [orc priest/dagger (3)]
  1792 | D:2      | Reached skill level 4 in Unarmed Combat
  1792 | D:2      | Reached XP level 4. HP: 1/36 MP: 5/7
  2393 | D:3      | Reached XP level 5. HP: 15/41 MP: 6/8
  2411 | D:3      | Reached skill level 5 in Unarmed Combat
  2594 | D:3      | Noticed Starbucks's ghost (amateur FoFi)
  2616 | D:3      | Learned a level 2 spell: Sticks to Snakes
  2620 | D:3      | Learned a level 3 spell: Spider Form
  2639 | D:3      | Found a bloodstained altar of Trog.
  3157 | D:3      | Found a snail-covered altar of Cheibriados.
  3295 | D:3      | Reached skill level 1 in Poison Magic
  3439 | D:3      | Killed Starbucks's ghost
  3439 | D:3      | Reached XP level 6. HP: 48/48 MP: 7/10
  3473 | D:4      | Noticed Grinder
  3494 | D:4      | Killed Grinder
  3494 | D:4      | Reached XP level 7. HP: 53/53 MP: 8/13
  3494 | D:4      | Your scales start taking on a glossy black colour.
  3494 | D:4      | Gained mutation: You are resistant to electric shocks. [Black Draconian growth]
  3715 | D:4      | Found an iron altar of Okawaru.
  4610 | D:5      | Entered Level 5 of the Dungeon
  4634 | D:5      | Reached skill level 5 in Spellcasting
  4634 | D:5      | Reached XP level 8. HP: 44/61 MP: 15/15
  5253 | D:5      | Reached skill level 6 in Spellcasting
  5268 | D:5      | Learned a level 4 spell: Ice Form
  5274 | D:5      | Learned a level 5 spell: Blade Hands
  5459 | D:5      | Reached skill level 5 in Transmutations
  5829 | D:5      | Found a sacrificial altar of Ru.
  5829 | D:5      | Found a glowing silver altar of Zin.
  5910 | D:5      | Reached skill level 1 in Ice Magic
  6044 | D:6      | HP: 2/61 [water moccasin (5)]
  6050 | D:6      | Succumbed to a water moccasin's poison

Vault maps used:
D:1:      evilmike_arrival_crescent, st_stairs_7
D:3:      lemuel_doored_altar, first_bread, minmay_misc_feat_ornament,
          kennysheep_nub, minivault_19, grunt_decor_arrowhead,
          trog_three_pillars_becter
D:4:      okawaru_metal_pillars_1_2, uniq_grinder
D:5:      gammafunk_temple_overflow_elements
D:6:      uniq_menkaure

Action                   |  1- 3 |  4- 6 |  7- 9 || total
-------------------------+-------+-------+-------++-------
Melee: Unarmed           |   168 |   104 |   264 ||   536
       Dagger            |       |    24 |       ||    24
 Cast: Beastly Appendage |     6 |    12 |    21 ||    39
       Spider Form       |       |       |     1 ||     1
 Abil: Evoke Berserk Rag |       |     2 |     4 ||     6
       Breathe Lightning |       |       |     5 ||     5
       Evoke Flight      |       |       |     1 ||     1
  Use: Potion            |     1 |     3 |     2 ||     6
 Stab: Sleeping          |     1 |     1 |       ||     2
  Eat: Chunk             |     3 |     7 |    12 ||    22
